 Dungeon Crawl Stone Soup version 0.28.0-45-g0d030f2227 (webtiles) character file.

Game seed: 14538368977126573272

226907 protoss039 the Peltast (level 19, -6/131 HPs)
             Began as a Gargoyle Gladiator on Apr 12, 2022.
             Was an Elder of Okawaru.
             Killed from afar by Mara (45 damage)
             ... with a bolt of fire
             ... on level 4 of the Shoals.
             The game lasted 02:25:34 (48334 turns).

protoss039 the Peltast (Gargoyle Gladiator)        Turns: 48334, Time: 02:25:34

Health: -6/131     AC: 51    Str: 25    XL:     19   Next: 37%
Magic:  25/35      EV: 11    Int: 10    God:    Okawaru [****..]
Gold:   2184       SH: 25    Dex: 11    Spells: 18/18 levels left

rFire   . . .      SeeInvis .   q - +5 eveningstar (drain)
rCold   . . .      Faith    .   v - +3 tower shield {reflect}
rNeg    + + +      Spirit   .   P - +9 shadow dragon scales "Azuasima" {*Corrode rPois rN+++ Slay-4 Stlth++++}
rPois   ∞          Reflect  +   y - +0 hat {Will+}
rElec   +          Harm     .   Q - scarf {repulsion}
rCorr   +          Rampage  +   U - +1 pair of gloves "Tixitoiv" {rElec MP+9}
Will    +++..                   K - +2 pair of boots {rampage}
Stlth   ++++......              k - amulet of regeneration
HPRegen 1.11/turn               s - ring of resist corrosion
MPRegen 0.24/turn               w - ring of willpower

@: heroic, finesse-ful, flying, studying 2 skills, repel missiles
A: sickness immunity, AC +14, big wings, negative energy resistance 1,
electricity resistance, torment resistance 1, petrification resistance
}: 1/15 runes: serpentine
a: Renounce Religion, Heroism, Finesse


You were on level 4 of the Shoals.
You worshipped Okawaru.
Okawaru was greatly pleased with you.
You visited 6 branches of the dungeon, and saw 32 of its levels.
You also visited: Gauntlet, Ice Cave and Volcano.

You collected 3985 gold pieces.
You spent 1801 gold pieces at shops.

Inventory:

Hand Weapons
 n - the +6 demon whip of Callousness {venom, rPois rC++ Str+3 Stlth-}
   (Okawaru gifted it to you on level 1 of the Lair of Beasts)

   It poisons the flesh of those it strikes.
   Str:       It affects your strength (+3).
   rC:        It greatly protects you from cold.
   rPois:     It protects you from poison.
   Stlth:     It makes you less stealthy.
 q - a +5 eveningstar of draining (weapon)
 I - a +3 scimitar of flaming
 O - the +5 flail "Vysil" {venom, rN++}
   (Okawaru gifted it to you on level 8 of the Dungeon)

   It poisons the flesh of those it strikes.
   rN:        It greatly protects you from negative energy.
Missiles
 g - 3 boomerangs of dispersal
 x - 4 silver javelins
 F - 29 boomerangs (quivered)
 H - a throwing net
Armour
 o - a +2 plate armour of cold resistance
 v - a +3 tower shield of reflection (worn)
 y - a +0 hat of willpower (worn)
 J - a +2 cloak
 K - a +2 pair of boots of rampaging (worn)
 P - the +9 shadow dragon scales "Azuasima" (worn) {*Corrode rPois rN+++ Slay-4 Stlth++++}
   (Okawaru gifted it to you on level 3 of the Lair of Beasts)

   Slay:      It affects your accuracy & damage with ranged weapons and melee
   (-4).
   rPois:     It protects you from poison.
   rN:        It renders you almost immune to negative energy.
   *Corrode:  It may corrode you when you take damage.
   Stlth:     It makes you much more stealthy.
 Q - a scarf of repulsion (worn)
 U - the +1 pair of gloves "Tixitoiv" (worn) {rElec MP+9}
   (You found it in a Gauntlet)

   rElec:     It insulates you from electricity.
   MP:        It affects your magic capacity (+9).
Jewellery
 k - an amulet of regeneration (around neck)
 s - a ring of resist corrosion (left hand)
 w - a ring of willpower (right hand)
 D - a ring of fire
 M - a ring of protection from cold
Wands
 p - a wand of flame (23)
 t - a wand of paralysis (11)
 C - a wand of mindburst (19)
 G - a wand of iceblast (24)
 N - a wand of polymorph (7)
 R - a wand of digging (4)
Scrolls
 b - 9 scrolls of identify
 c - 3 scrolls of magic mapping
 f - a scroll of fear
 h - 5 scrolls of blinking
 j - 8 scrolls of teleportation
 l - a scroll of brand weapon
 r - 6 scrolls of immolation
 B - 2 scrolls of fog
 W - 3 scrolls of holy word
Potions
 a - 6 potions of attraction
 d - 8 potions of might
 e - 3 potions of ambrosia
 i - 7 potions of haste
 m - a potion of berserk rage
 u - a potion of flight
 z - 6 potions of curing
 E - 8 potions of mutation
 L - 8 potions of brilliance
 S - 3 potions of heal wounds
 T - 2 potions of cancellation
 Z - a potion of resistance
Miscellaneous
 A - a tin of tremorstones (2/2)
 Y - a condenser vane


   Skills:
 + Level 18.3(23.3) Fighting
 + Level 17.0(22.0) Maces & Flails
 - Level 3.0(8.0) Throwing
 + Level 18.2(23.2) Armour
 - Level 3.0(8.0) Dodging
 + Level 18.9(23.9) Shields
 * Level 9.3 Invocations


You had 18 spell levels left.
You didn't know any spells.
Your spell library contained the following spells:

 Spells                   Type           Power      Damage    Failure   Level
 Apportation              Tloc           0%         N/A       82%         1
 Magic Dart               Conj           0%         1d3       82%         1
 Sandblast                Erth           0%         2d4       82%         1
 Sting                    Tmut/Pois      0%         1d3       82%         1
 Ensorcelled Hibernation  Hex/Ice        0%         N/A       91%         2
 Passwall                 Tmut/Erth      0%         N/A       91%         2
 Confusing Touch          Hex            0%         N/A       99%         3
 Conjure Flame            Conj/Fire      0%         6-21      99%         3
 Dazzling Flash           Conj/Hex       0%         N/A       99%         3
 Gell's Gravitas          Tloc           0%         N/A       99%         3
 Ignite Poison            Fire/Tmut/Pois 0%         N/A       99%         3
 Lesser Beckoning         Tloc           0%         N/A       99%         3
 Mephitic Cloud           Conj/Pois/Air  0%         N/A       99%         3
 Portal Projectile        Hex/Tloc       0%         N/A       99%         3
 Spider Form              Tmut/Pois      0%         N/A       99%         3
 Stone Arrow              Conj/Erth      0%         3d7       99%         3
 Swiftness                Air            0%         N/A       99%         3
 Teleport Other           Tloc           0%         N/A       99%         3
 Anguish                  Hex/Necr       0%         N/A       100%        4
 Iskenderun's Mystic Bla  Conj/Tloc      0%         2d3       100%        4
 Sticky Flame             Conj/Fire      0%         2d3       100%        4
 Alistair's Intoxication  Tmut/Pois      0%         N/A       100%        5
 Blade Hands              Tmut           0%         N/A       100%        5
 Excruciating Wounds      Necr           0%         N/A       100%        5
 Irradiate                Conj/Tmut      0%         3d13      100%        5
 Iskenderun's Battlesphe  Conj           0%         2d6       100%        5
 Yara's Violent Unravell  Hex/Tmut       0%         3d3       100%        5
 Iron Shot                Conj/Erth      0%         9d1       100%        6
 Starburst                Conj/Fire      0%         6d3       100%        6
 Dragon Form              Tmut           0%         N/A       100%        7
 Enfeeble                 Hex            0%         N/A       100%        7
 Storm Form               Tmut/Air       0%         N/A       100%        7
 Maxwell's Capacitive Co  Air            0%         ∞         100%        8
 Call Imp                 Summ           Unusable   N/A       N/A         2
 Summon Lightning Spire   Summ/Air       Unusable   N/A       N/A         4
 Spellforged Servitor     Conj/Summ      Unusable   N/A       N/A         7

Dungeon Overview and Level Annotations

Branches:
Dungeon (15/15)            Temple (1/1) D:6            Lair (6/6) D:9
 Shoals (4/4) Lair:3        Snake (4/4) Lair:4        Slime (0/5) Lair:5
    Orc (2/2) D:10            Elf (0/3) Orc:2        Vaults (0/5) D:13
 Depths (0/4) D:15          IceCv (visited)         Volcano (visited)
Gauntlet (visited)

Altars:
Ashenzari
Cheibriados
Dithmenos
Elyvilon
Fedhas
Gozag
Hepliaklqana
Kikubaaqudgha
Makhleb
Nemelex Xobeh
Okawaru
Qazlal
Ru
Sif Muna
Trog
Uskayaw
Vehumet
Wu Jian
Xom
Yredelemnul
Zin
The Shining One

Shops:
D:9 *   D:10 ?   Orc:2 !*[:(   Snake:3 (   Snake:4 :=:

Annotations:
D:10 2 transporters, bmj180's ghost, novice DsNe
D:12 1 runed translucent door, exclusion: door
Lair:4 Rupert
Lair:5 exclusion: 4 oklob plants, Kirke
Shoals:1 2 runed translucent doors, Woutahasch's ghost, journeyman HOFi
Shoals:4 Mara


Innate Abilities, Weirdness & Mutations

You are immune to sickness and miasma.
Your stone body is resilient. (AC +14)
You are immune to poison.
Your large and strong wings let you fly.
You resist negative energy. (rN+)
You are resistant to electric shocks. (rElec)
You are resistant to unholy torment.
You are immune to petrification.


Message History

Okay, then.
You miss Mara.
Mara is lightly wounded.
Mara blinks!
Mara hits you but does no damage.
Unknown command.
Unknown command.
Unknown command.
Okay, then.
You hit Mara but do no damage.
Mara is lightly wounded.
Unknown command.
Unknown command.
You hit Mara but do no damage.
Mara is lightly wounded.
You block Mara's attack.
Mara blinks!
Unknown command.
You impale Mara!!
Mara is moderately wounded.
You hit Mara but do no damage.
Mara is moderately wounded.
Mara gestures at you.
There is a horrible, sudden wrenching feeling in your soul!
Mara points ostentatiously.
You block Mara's attack.
You thump Mara!
Mara is moderately wounded.
Unknown command.
Unknown command.
You closely miss Mara.
Mara is moderately wounded.
Unknown command.
Unknown command.
You closely miss Mara.
Mara is moderately wounded.
You block Mara's attack.
Unknown command.
You rampage towards Mara!
Mara gestures at you. The bolt of fire hits you!!!
You die...

≈≈≈≈...... ≈≈≈
≈≈≈≈...... .≈≈≈≈
.........####..≈≈≈
................≈≈
.#.....†.....)....
..................
≈≈≈...../.........
≈≈≈≈....R.§R.......#
≈≈≈≈.......@<$.....#
≈##≈≈........R.......
≈≈≈≈≈.........@...$..
≈≈≈≈≈≈........##≈###.
≈≈≈≈≈≈≈......## ##
≈≈≈≈≈≈≈...[.#.
≈≈≈≈≈≈≈....##.
≈≈≈≈≈≈≈<...≈##
≈≈≈≈≈≈.....##


You could see 3 Maras and protoss039's illusion.

Vanquished Creatures
  Vashnia (Arena)
  Saint Roka (Arena)
  Jorgrun (D:15)
  Gastronok (D:8)
  4 krakens (Shoals:3)
  Polyphemus (Shoals:2)
  8 nagarajas
  Aizul (Snake:3)
  An orc warlord (Orc:2)
  Nessos (D:15)
  A minotaur (Gauntlet)
  Snorg (D:10)
  7 merfolk impalers
  Josephine (D:14)
  5 merfolk javelineers
  2 ice dragons (D:15)
  3 merfolk avatars
  17 naga warriors
  An ogre mage (D:15)
  Erolcha (D:10)
  2 boulder beetles
  2 death knights
  10 anacondas
  7 centaur warriors
  15 two-headed ogres
  4 catoblepae
  5 hydras
  Erica (Lair:1)
  An alligator snapping turtle (Shoals:2)
  A merfolk aquamancer (Shoals:1)
  2 tengu warriors (D:15)
  A vampire mage (D:13)
  A deep troll shaman (Lair:6)
  12 death yaks
  3 orc high priests (Orc:2)
  9 shock serpents
  Sonja (Lair:4)
  A hell knight (Volcano)
  10 naga sharpshooters
  Nergalle (Lair:3)
  3 salamander mystics
  10 sea snakes
  2 skeletal warriors
  3 naga ritualists
  A spectral hydra (Gauntlet)
  A wizard (D:13)
  22 harpies
  A phantasmal warrior (D:14)
  4 orc knights
  A wolf spider (shapeshifter) (D:12)
  9 mana vipers
  4 fauns (Shoals:2)
  5 orc sorcerers
  15 ugly things
  2 oklob plants (Shoals:3)
  12 salamanders
  19 elephants
  8 cyclopes
  Joseph (D:7)
  A moth of wrath (Gauntlet)
  2 water nymphs (Shoals:1)
  13 manticores
  15 naga magi
  10 guardian serpents
  7 cane toads
  A smoke demon (Volcano)
  6 merfolk sirens
  25 black mambas
  A cane toad (shapeshifter) (D:8)
  6 gargoyles
  3 torpor snails
  2 molten gargoyles (Volcano)
  2 ice statues (IceCv)
  3 rime drakes
  2 minotaur zombies (Gauntlet)
  2 unseen horrors
  A kobold demonologist (D:8)
  10 komodo dragons
  3 freezing wraiths
  Psyche (D:12)
  5 yaktaurs (D:13)
  A tengu conjurer (D:15)
  3 red devils (Volcano)
  30 merfolk
  4 polar bears
  9 trolls
  Grinder (D:3)
  Prince Ribbit (D:7)
  2 wind drakes
  2 hornets
  15 blink frogs
  8 dream sheep (Lair:5)
  3 snapping turtles
  9 slime creatures
  A centaur simulacrum (D:14)
  Sigmund (D:5)
  2 fire bats (Volcano)
  8 wraiths
  A vampire (D:13)
  5 water elementals
  81 yaks
  3 hogs (Lair:5)
  4 vampire mosquitoes
  4 wyverns
  A death yak simulacrum (IceCv)
  3 basilisks
  3 steam dragons
  5 wargs
  54 nagas
  Menkaure (D:6)
  3 acid dragons
  Duvessa (D:6)
  25 water moccasins
  A hornet zombie (D:6)
  29 orc warriors
  3 sky beasts
  2 ice beasts
  4 black bears
  A necrophage (D:5)
  9 ogres
  42 wolves
  16 centaurs
  3 kobold brigands (D:9)
  A wyvern zombie (D:9)
  3 gnoll sergeants
  A cane toad simulacrum (IceCv)
  18 bullfrogs
  A water moccasin zombie (D:7)
  2 wyvern skeletons (D:7)
  Dowan (D:6)
  3 elephant simulacra (IceCv)
  4 wights (D:7)
  6 howler monkeys
  3 electric eels
  2 bullfrog zombies
  6 lava snakes (Volcano)
  3 centaur zombies
  5 hounds
  29 orc priests
  Crazy Yiuf (D:7)
  2 gnoll shamans
  3 jellies
  4 iguanas
  An iron imp (D:9)
  5 hell rats
  Natasha (thrice) (D:3)
  Terence (D:2)
  40 orc wizards
  A polar bear simulacrum (IceCv)
  A howler monkey zombie (D:10)
  14 gnolls
  16 adders
  A shadow imp (D:5)
  4 white imps
  3 dart slugs
  80 orcs
  5 bats
  3 endoplasms
  2 giant cockroaches
  6 goblins
  11 hobgoblins
  4 quokkas
  6 ball pythons
  3 frilled lizards
  14 kobolds
  5 rats
  A butterfly (Lair:2)
  A tentacle (Shoals:3)
1125 creatures vanquished.

Vanquished Creatures (others)
  A merfolk (Shoals:3)
  4 nagas
  A centaur (D:14)
  An orc (Orc:2)
  A bush (Snake:4)
  58 fungi
  163 plants
  21 tentacles (Shoals:3)
250 creatures vanquished.

Grand Total: 1375 creatures vanquished

Notes
Turn   | Place    | Note
-------+----------+-------------------------------------------
     0 | D:1      | protoss039 the Gargoyle Gladiator began the quest for the
                  | Orb.
     0 | D:1      | Reached XP level 1. HP: 12/12 MP: 1/1
   279 | D:1      | Reached XP level 2. HP: 18/18 MP: 2/2
   728 | D:1      | Found a faded altar of an unknown god.
   781 | D:1      | Got Plato's Reference Book on Mutagenic Contamination
   911 | D:2      | Reached XP level 3. HP: 22/22 MP: 3/3
  1132 | D:2      | Reached skill level 1 in Armour
  1280 | D:2      | Noticed Terence
  1351 | D:2      | Killed Terence
  1352 | D:2      | Reached XP level 4. HP: 21/27 MP: 4/4
  2101 | D:3      | Identified the +8 spear of Famine {protect, rCorr Str+2
                  | Int+4}
  2229 | D:3      | Noticed Grinder
  2245 | D:3      | Killed Grinder
  2246 | D:3      | Reached XP level 5. HP: 20/33 MP: 5/5
  2246 | D:3      | Reached XP level 6. HP: 23/38 MP: 6/6
  2729 | D:3      | Noticed Natasha
  2736 | D:3      | Killed Natasha
  2794 | D:3      | Noticed Natasha
  2801 | D:3      | Killed Natasha
  2802 | D:3      | Reached XP level 7. HP: 42/44 MP: 7/7
  3101 | D:3      | Noticed Natasha
  3109 | D:3      | Killed Natasha
  3321 | D:4      | Reached skill level 1 in Shields
  3340 | D:4      | Reached skill level 5 in Maces & Flails
  3682 | D:4      | Reached skill level 5 in Fighting
  4080 | D:5      | Entered Level 5 of the Dungeon
  4087 | D:5      | Identified the +1 leather armour "Ataipe" {rF+ rC- Will++
                  | Dex+2}
  4213 | D:5      | Found a sacrificial altar of Ru.
  4428 | D:5      | Reached XP level 8. HP: 32/49 MP: 8/8
  4782 | D:5      | Reached skill level 5 in Armour
  4838 | D:5      | Found a sparkling altar of Nemelex Xobeh.
  4930 | D:6      | Noticed Sigmund
  5080 | D:5      | Killed Sigmund
  5139 | D:6      | Reached skill level 5 in Shields
  5251 | D:6      | Noticed Menkaure
  5261 | D:6      | Killed Menkaure
  5460 | D:6      | Reached XP level 9. HP: 51/56 MP: 9/9
  5794 | D:6      | Noticed Duvessa
  5807 | D:6      | Killed Duvessa
  6078 | D:6      | Noticed Dowan
  6089 | D:6      | Killed Dowan
  6215 | D:6      | Found a staircase to the Ecumenical Temple.
  6230 | Temple   | Entered the Ecumenical Temple
  6287 | Temple   | Became a worshipper of Warmaster Okawaru
  6551 | D:6      | Identified the +0 chain mail of the Alphagorgon {Slay+2}
  6752 | D:7      | Reached skill level 1 in Invocations
  6874 | D:7      | Noticed Prince Ribbit
  6899 | D:7      | Killed Prince Ribbit
  6911 | D:7      | Reached XP level 10. HP: 63/63 MP: 10/12
  6972 | D:7      | Noticed a gargoyle
  6973 | D:7      | Noticed a manticore
  6984 | D:7      | Killed a gargoyle
  7161 | D:7      | Noticed a two-headed ogre
  7384 | D:8      | Reached * piety under Okawaru
  7418 | D:8      | Noticed a gargoyle
  7434 | D:7      | Noticed a two-headed ogre
  7461 | D:7      | Noticed Joseph
  7509 | D:7      | Noticed a cyclops
  7645 | D:7      | Killed Joseph
  7949 | D:7      | Killed a two-headed ogre
  7949 | D:7      | Reached ** piety under Okawaru
  7950 | D:7      | Reached skill level 5 in Invocations
  8378 | D:7      | Found a basalt altar of Yredelemnul.
  8414 | D:7      | Killed a manticore
  8660 | D:7      | Reached *** piety under Okawaru
  8993 | D:7      | Found a runed translucent door.
  8994 | D:7      | Noticed Crazy Yiuf
  9001 | D:7      | Killed Crazy Yiuf
  9012 | D:7      | Identified the +5 mace of Quick Death {flame, rElec Int+2}
  9025 | D:7      | Reached XP level 11. HP: 65/68 MP: 15/15
  9828 | D:8      | Reached **** piety under Okawaru
  9912 | D:8      | Noticed a cyclops
  9918 | D:8      | Killed a cyclops
  9933 | D:8      | Received a gift from Okawaru
 10062 | D:8      | Noticed a boulder beetle
 10062 | D:8      | Noticed a catoblepas
 10085 | D:8      | Killed a boulder beetle
 10146 | D:8      | Noticed a two-headed ogre
 10159 | D:8      | Killed a two-headed ogre
 10240 | D:8      | Noticed a two-headed ogre
 10251 | D:8      | Killed a two-headed ogre
 10251 | D:8      | Reached ***** piety under Okawaru
 10415 | D:8      | Noticed a centaur warrior
 10428 | D:8      | Killed a centaur warrior
 10661 | D:8      | Noticed Gastronok
 11077 | D:8      | Killed Gastronok
 11078 | D:8      | Reached skill level 10 in Shields
 11301 | D:9      | Found a shimmering altar of Xom.
 11362 | D:9      | Received a gift from Okawaru
 11479 | D:9      | Noticed a sixfirhy
 11757 | D:8      | Reached XP level 12. HP: 58/76 MP: 18/18
 12099 | D:8      | Identified the +5 flail "Vysil" {venom, rN++} (Okawaru
                  | gifted it to you on level 8 of the Dungeon)
 12099 | D:8      | Received a gift from Okawaru
 12406 | D:9      | Found a staircase to the Lair.
 12448 | D:9      | Identified the +11 quarterstaff "Xoerusmyt" {vorpal, Dex+5}
 12617 | D:9      | Found a glowing silver altar of Zin.
 12619 | D:9      | Found a hide-covered altar of Uskayaw.
 12646 | D:9      | Found a hazy altar of Hepliaklqana.
 12648 | D:9      | Found Baocs's Specific Store.
 12650 | D:9      | Found Dicop's General Store.
 12684 | D:9      | Found an ancient bone altar of Kikubaaqudgha.
 12964 | D:9      | Found a snail-covered altar of Cheibriados.
 13117 | D:10     | Entered Level 10 of the Dungeon
 13132 | D:10     | Reached skill level 10 in Fighting
 13268 | D:10     | Found a transporter.
 13281 | D:10     | Noticed bmj180's ghost (novice DsNe)
 13543 | D:10     | Received a gift from Okawaru
 13579 | D:10     | Reached skill level 10 in Armour
 13766 | D:10     | Found a transporter.
 13767 | D:10     | Noticed a two-headed ogre
 13792 | D:10     | Killed a two-headed ogre
 13792 | D:10     | Received a gift from Okawaru
 13849 | D:10     | Noticed Snorg
 13888 | D:10     | Killed Snorg
 13947 | D:10     | Found Hout's Magic Scroll Boutique.
 13978 | D:10     | Found a staircase to the Orcish Mines.
 14018 | D:10     | Reached skill level 10 in Maces & Flails
 14523 | D:10     | Noticed Erolcha
 14678 | D:10     | Killed Erolcha
 15118 | D:11     | Noticed a two-headed ogre
 15141 | D:11     | Killed a two-headed ogre
 15142 | D:11     | Reached XP level 13. HP: 68/84 MP: 19/19
 16189 | D:12     | Reached ****** piety under Okawaru
 16189 | D:12     | Received a gift from Okawaru
 16635 | D:12     | Noticed Psyche
 16638 | D:12     | Killed Psyche
 16830 | D:12     | Found a runed translucent door.
 17224 | D:12     | Noticed a storm dragon
 17224 | D:12     | a two-headed hydra changed into a storm dragon
 17231 | D:12     | a storm dragon changed into a catoblepas
 17237 | D:12     | Noticed a quicksilver ooze
 17237 | D:12     | a radroach changed into a quicksilver ooze
 17249 | D:12     | a quicksilver ooze changed into a wolf spider
 18066 | D:12     | Identified a scroll of acquirement
 18067 | D:12     | Acquired 838 gold pieces
 18169 | Lair:1   | Entered Level 1 of the Lair of Beasts
 18252 | Lair:1   | Noticed Erica
 18300 | Lair:1   | Killed Erica
 18547 | Lair:1   | Identified the +6 demon whip of Callousness {venom, rPois
                  | rC++ Str+3 Stlth-} (Okawaru gifted it to you on level 1 of
                  | the Lair of Beasts)
 18547 | Lair:1   | Received a gift from Okawaru
 19690 | Lair:2   | Found a frozen archway.
 19700 | IceCv    | Entered an ice cave
 19723 | Arena    | Entered the Arena
 19759 | IceCv    | Found a transporter.
 19765 | IceCv    | Found a transporter.
 20012 | IceCv    | Gained mutation: Your large and strong wings let you fly.
                  | [Gargoyle growth]
 20012 | IceCv    | Reached XP level 14. HP: 19/92 MP: 20/20
 21229 | Lair:3   | Found a dark tunnel.
 21249 | Volcano  | Entered a volcano
 21485 | Volcano  | Found a radiant altar of Vehumet.
 22561 | Lair:3   | Identified the +9 shadow dragon scales "Azuasima" {*Corrode
                  | rPois rN+++ Slay-4 Stlth++++} (Okawaru gifted it to you on
                  | level 3 of the Lair of Beasts)
 22561 | Lair:3   | Received a gift from Okawaru
 22952 | Lair:3   | Found a staircase to the Shoals.
 23105 | Lair:3   | Noticed Nergalle
 23117 | Lair:3   | Killed Nergalle
 23417 | Lair:4   | Noticed Sonja
 23633 | Lair:4   | Found a gate leading to a gauntlet.
 23641 | Gauntlet | Entered a Gauntlet
 23641 | Gauntlet | Found a runed translucent door.
 23641 | Gauntlet | Found a transporter.
 23641 | Gauntlet | Found a runed translucent door.
 23666 | Gauntlet | Found a transporter.
 23668 | Gauntlet | Found a transporter.
 23679 | Gauntlet | Found a transporter.
 23682 | Gauntlet | Found a transporter.
 23690 | Gauntlet | Found a transporter.
 23695 | Gauntlet | Noticed a cacodemon
 23712 | Gauntlet | Found a transporter.
 23726 | Gauntlet | Found a transporter.
 23733 | Gauntlet | Found a transporter.
 23755 | Gauntlet | Found a transporter.
 23768 | Gauntlet | Found a transporter.
 23768 | Gauntlet | Found a transporter.
 23814 | Gauntlet | Found a transporter.
 23831 | Gauntlet | Found a transporter.
 24106 | Gauntlet | Identified the +1 pair of gloves "Tixitoiv" {rElec MP+9}
 24395 | Gauntlet | Identified the ring of Oluth {rPois Stlth+}
 24560 | Lair:4   | Found a staircase to the Snake Pit.
 25206 | Lair:4   | Noticed Rupert
 25212 | Lair:4   | Found a hide-covered altar of Uskayaw.
 25245 | Lair:4   | Killed Sonja
 25622 | Lair:5   | Noticed Kirke
 26145 | Lair:5   | Received a gift from Okawaru
 26158 | Lair:5   | Acquired a +2 eveningstar of draining
 26314 | Lair:5   | Reached XP level 15. HP: 85/99 MP: 21/21
 26878 | Lair:5   | Found a staircase to the Slime Pits.
 26942 | Lair:6   | Entered Level 6 of the Lair of Beasts
 27219 | Lair:5   | Received a gift from Okawaru
 27862 | Lair:6   | Received a gift from Okawaru
 28058 | Lair:6   | Reached skill level 15 in Shields
 28328 | Lair:6   | Received a gift from Okawaru
 28375 | Lair:6   | Identified the +1 robe "Yhog" {Rampage rPois}
 29921 | D:13     | Found a gate to the Vaults.
 30294 | D:14     | Found a shadowy altar of Dithmenos.
 30512 | D:14     | Reached XP level 16. HP: 98/107 MP: 22/22
 30643 | D:14     | Noticed Josephine
 30657 | D:14     | Killed Josephine
 31162 | D:15     | Entered Level 15 of the Dungeon
 31209 | D:15     | Noticed Jorgrun
 31545 | D:15     | Killed Jorgrun
 31545 | D:15     | Received a gift from Okawaru
 31552 | D:15     | Reached skill level 15 in Fighting
 31941 | D:15     | Noticed Nessos
 31958 | D:15     | Killed Nessos
 32373 | D:15     | Reached skill level 15 in Armour
 33272 | D:15     | Found a staircase to the Depths.
 33367 | D:15     | Identified the +8 quarterstaff of Umaloon {venom, rF- rN+
                  | Dex+2} (Okawaru gifted it to you on level 15 of the
                  | Dungeon)
 33367 | D:15     | Received a gift from Okawaru
 33589 | D:15     | Found a hazy altar of Hepliaklqana.
 33729 | Orc:1    | Entered Level 1 of the Orcish Mines
 34339 | Orc:2    | Entered Level 2 of the Orcish Mines
 34803 | Orc:2    | Found a staircase to the Elven Halls.
 34811 | Orc:2    | Found an iron altar of Okawaru.
 35839 | Orc:2    | Found Tiafro's Distillery.
 36067 | Orc:2    | Received a gift from Okawaru
 36081 | Orc:2    | Bought a potion of might for 52 gold pieces
 36081 | Orc:2    | Bought a potion of might for 52 gold pieces
 36081 | Orc:2    | Bought a potion of haste for 130 gold pieces
 36081 | Orc:2    | Bought a potion of ambrosia for 104 gold pieces
 36081 | Orc:2    | Bought a potion of might for 52 gold pieces
 36197 | Orc:2    | Found Demit's General Store.
 36198 | Orc:2    | Found Onluw's Book Shoppe.
 36200 | Orc:2    | Found Idwiterph's Antique Armour Shoppe.
 36200 | Orc:2    | Found Leatipri's Antique Weapon Emporium.
 36205 | Orc:2    | Bought a potion of mutation for 128 gold pieces
 36205 | Orc:2    | Bought a potion of curing for 48 gold pieces
 36478 | Snake:1  | Entered Level 1 of the Snake Pit
 36775 | Snake:1  | Reached XP level 17. HP: 71/115 MP: 15/23
 37705 | Snake:2  | Reached skill level 15 in Maces & Flails
 37765 | Snake:2  | Noticed Vashnia
 37768 | Arena    | Entered the Arena
 37809 | Arena    | Killed Vashnia
 37809 | Arena    | Received a gift from Okawaru
 38630 | Snake:2  | Found a white marble altar of Elyvilon.
 39077 | Snake:2  | Received a gift from Okawaru
 39573 | Snake:3  | Found a burning altar of Makhleb.
 39717 | Snake:3  | Noticed Saint Roka
 39719 | Arena    | Entered the Arena
 39746 | Arena    | Killed Saint Roka
 40619 | Snake:3  | Received a gift from Okawaru
 41122 | Snake:3  | Found Malimne's Antique Weapon Emporium.
 41196 | Snake:3  | Noticed Aizul
 41222 | Snake:3  | Killed Aizul
 41707 | Snake:4  | Entered Level 4 of the Snake Pit
 41872 | D:9      | Bought a scroll of enchant armour for 105 gold pieces
 41953 | D:10     | Bought a scroll of fear for 42 gold pieces
 41953 | D:10     | Bought a scroll of teleportation for 36 gold pieces
 41953 | D:10     | Bought a scroll of magic mapping for 42 gold pieces
 41953 | D:10     | Bought a scroll of brand weapon for 240 gold pieces
 42211 | Snake:4  | Reached XP level 18. HP: 98/122 MP: 24/24
 42361 | Snake:4  | Received a gift from Okawaru
 42708 | Arena    | Entered the Arena
 42712 | Arena    | Identified the +3 shortbow "Qaclao" {freeze, rPois SInv}
                  | (Okawaru gifted it to you in the Arena)
 42712 | Arena    | Received a gift from Okawaru
 42955 | Snake:4  | Got a serpentine rune of Zot
 43195 | Arena    | Entered the Arena
 44028 | Snake:4  | Found Wujiumua's Book Shop.
 44031 | Snake:4  | Found Jigg's Jewellery Shoppe.
 44032 | Snake:4  | Found Pider's Book Shop.
 44040 | Snake:4  | Bought an amulet of regeneration for 420 gold pieces
 44052 | Snake:4  | Bought a ring of willpower for 350 gold pieces
 44359 | Snake:2  | Received a gift from Okawaru
 44456 | Shoals:1 | Entered Level 1 of the Shoals
 44816 | Shoals:1 | Found a large runed translucent door.
 44817 | Shoals:1 | Found a large runed translucent door.
 44817 | Shoals:1 | Noticed Woutahasch's ghost (journeyman HOFi)
 46018 | Shoals:2 | Noticed Polyphemus
 46046 | Shoals:2 | Killed Polyphemus
 46059 | Shoals:2 | Reached XP level 19. HP: 84/130 MP: 25/25
 46436 | Shoals:3 | Identified the +6 hand crossbow of Linearity {elec, Drain
                  | rPois rF++ Stlth+} (Okawaru gifted it to you on level 3 of
                  | the Shoals)
 46436 | Shoals:3 | Received a gift from Okawaru
 47092 | Shoals:3 | Identified the +8 long sword of the Grave {vorpal, rC+}
 47125 | Arena    | Entered the Arena
 47416 | Shoals:3 | Identified the +5 rapier "Heicof" {pain, Will+ Stlth+}
 47437 | Shoals:3 | Found a runed translucent door.
 48169 | Shoals:4 | Entered Level 4 of the Shoals
 48170 | Shoals:4 | Noticed Mara
 48286 | Shoals:4 | Noticed protoss039's illusion
 48331 | Shoals:4 | Noticed protoss039's illusion
 48334 | Shoals:4 | Killed from afar by Mara

Illustrated notes

Levels and vault maps discovered:
D:1:      nzn_arrival_crosshair, layout_loops_ring,
          shapermc_ecumenical_altar_rom_forum
D:2:      layout_basic, chequers_serial_rivers_micro_a, minmay_diced_spiral,
          uniq_terence
D:3:      layout_basic, columned_hall_lemuel, serial_bayou_lake_a, uniq_natasha,
          uniq_grinder
D:4:      layout_basic
D:5:      layout_cave_pools, nicolae_ru_great_annihilating_truth,
          nemelex_dance_club_becter
D:6:      cheibrodos_steamvent, layout_gridville,
          minmay_temple_entry_mini_moons, uniq_duvessa, uniq_menkaure,
          uniq_sigmund
D:7:      minmay_the_grid_octo_tiled_squarecenter [minmay_the_grid_octo_77,
          minmay_the_grid_octo_thin_diamonds,
          minmay_the_grid_octo_checkerflower, minmay_the_grid_octo_odd_swirl,
          minmay_the_grid_square_5x5_megaprize_diamond,
          minmay_the_grid_square_5x5_inner_z,
          minmay_the_grid_square_5x5_minibox, minmay_the_grid_square_5x5_meh,
          minmay_the_grid_square_5x5_n], layout_loops_corners,
          old_standard_altar, uniq_prince_ribbit1, uniq_joseph,
          uniq_crazy_yiuf_cottage
D:8:      layout_gridville, serial_park_tiny_pond, st_stairs_7,
          amethyst_killhole, minmay_evil_grid, uniq_gastronok
D:9:      layout_cross, slow_altar_2, grunt_temple_overflow_open,
          nicolae_overflow_crystal_walls, minmay_lair_entry_grove,
          grunt_ministairs_4, nicolae_specific_store
D:10:     layout_loops_ring, david_orc_1_choice, gammafunk_ghost_stat_death,
          serial_shops, shop, uniq_snorg, uniq_erolcha
D:11:     hellmonk_crumbling_castle, layout_stronghold
D:12:     gammafunk_indiana_jones, layout_irregular_city, grunt_ministairs_1,
          kennysheep_four_rooms, uniq_psyche
D:13:     layout_loops_corners, david_vaults_1, nzn_life_drinkers
D:14:     layout_basic, grunt_dithmenos_smoke_and_mirrors, uniq_josephine
D:15:     grunt_enter_depths_hoard, layout_cave_pools,
          chequers_serial_rivers_micro_b, nzn_hepliaklqana_mist_gate,
          uniq_jorgrun, uniq_nessos
Temple:   cyrus_circular_temple
Lair:1:   layout_chaotic_city, serial_bayou_shore_a, uniq_erica
Lair:2:   layout_hall_layers, portal_ice_cave_rime,
          nicolae_quartered_pool_medium, serial_bayou_crossing,
          lemuel_fruit_fields
Lair:3:   layout_loops_ring, minmay_shoals_entry_hut,
          nicolae_volcano_entry_two_sided, serial_rivers,
          chequers_serial_rivers_micro_a, chequers_serial_rivers_micro_a,
          chequers_serial_rivers_small_3, chequers_serial_rivers_micro_b,
          serial_bayou_pond_d, uniq_nergalle
Lair:4:   minmay_lair_venomous_thicket, layout_cellular_growth,
          minmay_snake_entry_guardpost_small, basic_altar,
          gauntlet_entry_generic, fungi_pond_lemuel, nicolae_lair_lil_pond,
          uniq_sonja, uniq_rupert
Lair:5:   layout_cave_pods, minmay_slime_entry_oklob_open, uniq_kirke
Lair:6:   grunt_lair_end_beastmaster, layout_misc_corridors
Shoals:1: layout_shoals, ebering_ghost_disaster_area,
          nicolae_shoals_water_booths
Shoals:2: layout_shoals, uniq_polyphemus
Shoals:3: nicolae_shoals_lighthouse, layout_shoals,
          nicolae_shoals_this_corrosion
Shoals:4: shoals_end_grunt_ice, layout_shoals, uniq_mara
Snake:1:  nicolae_snake_nest, layout_rooms
Snake:2:  layout_onion_interference, basic_altar, hangedman_snake_corridor_cut,
          uniq_vashnia
Snake:3:  layout_chambers, serial_shops, shop, basic_altar,
          nicolae_snake_snake_lake, nicolae_elevator_lobby_asterisk,
          lemuel_fruit_tree, uniq_saint_roka, uniq_aizul
Snake:4:  grunt_snake_rune_pools, layout_cave_town, minmay_shop_grove
Orc:1:    layout_diamond_mine
Orc:2:    st_orc_congregation, layout_diamond_mine, serial_shops,
          nicolae_square_shop, okawaru_metal_pillars_1_2

Skill      XL: |  1  2  3  4  5  6  7  8  9 10 11 12 13 14 15 16 17 18 19 |
---------------+----------------------------------------------------------+-----
Throwing       | 2 3 |  3.0
Armour         | 1 3 4 5 6 7 9 10 12 13 14 15 16 17 18 | 18.2
Dodging        | 3 |  3.0
Fighting       | 4 5 6 7 8 9 10 12 13 14 15 16 18 | 18.3
Maces & Flails | 4 5 6 7 8 10 11 12 13 14 15 16 17 | 17.0
Shields        | 3 5 7 9 10 11 13 14 15 16 17 18 | 18.9
Invocations    | 2 5 8 9 |  9.3

Action                   |  1- 3 |  4- 6 |  7- 9 | 10-12 | 13-15 | 16-18 | 19-21 || total
-------------------------+-------+-------+-------+-------+-------+-------+-------++-------
Melee: Flail             |    87 |     3 |       |   207 |   158 |       |       ||   455
       Punch             |     1 |     1 |       |       |       |       |       ||     2
       Spear             |       |    82 |   287 |   573 |    55 |       |       ||   997
       Falchion          |       |    16 |    15 |     7 |       |       |       ||    38
       Hand axe          |       |       |       |    11 |    13 |    19 |       ||    43
       Eveningstar       |       |       |       |       |  1078 |  1910 |   450 ||  3438
       Demon whip        |       |       |       |       |   460 |   434 |       ||   894
       Scimitar          |       |       |       |       |    47 |       |       ||    47
Throw: Throwing net      |     2 |     1 |       |     1 |       |       |       ||     4
       Boomerang         |       |       |    11 |    55 |    42 |    11 |     6 ||   125
       Javelin           |       |       |       |     9 |     3 |       |     2 ||    14
Invok: Heroism           |       |       |       |     4 |     4 |     6 |     2 ||    16
       Duel              |       |       |       |       |     1 |     4 |     2 ||     7
       Finesse           |       |       |       |       |     1 |     2 |     4 ||     7
Evoke: Wand              |       |       |       |    27 |     7 |       |       ||    34
       Tin of tremorston |       |       |       |       |       |     2 |       ||     2
       Condenser vane    |       |       |       |       |       |     2 |       ||     2
  Use: Scroll            |       |       |     4 |    11 |    25 |     7 |     4 ||    51
       Potion            |       |       |     2 |     6 |     5 |     2 |     4 ||    19
 Stab: Held in net/web   |     1 |       |       |       |       |       |       ||     1
       Paralysed         |       |       |     1 |    10 |     6 |       |       ||    17
       Sleeping          |       |       |       |       |     1 |     9 |       ||    10
       Confused          |       |       |       |       |       |     1 |       ||     1
       Distracted        |       |       |       |       |       |     2 |       ||     2
Armor: Leather armour    |    45 |     2 |       |       |       |       |       ||    47
       Ring mail         |       |    40 |   157 |     2 |    47 |       |       ||   246
       Chain mail        |       |       |    20 |   448 |       |       |       ||   468
       Plate armour      |       |       |       |    82 |   445 |       |       ||   527
       Shadow dragon sca |       |       |       |       |   935 |  1366 |   296 ||  2597
Dodge: Dodged            |    53 |    30 |   115 |   295 |  1113 |   969 |   132 ||  2707
       Repelled          |       |       |       |       |     3 |    38 |     2 ||    43
Block: Buckler           |       |       |    49 |   215 |   761 |   415 |       ||  1440
       Tower shield      |       |       |       |       |       |  1693 |   487 ||  2180
       Reflection        |       |       |       |       |       |    89 |    16 ||   105
